Map: Glittering Ashes LE

Players

Boy

  • Race: Terran Terran
  • League: Grandmaster
  • Spawn Location: 7:00

Knack - Winner!

  • Race: Zerg Zerg
  • League: Master
  • Spawn Location: 1:00

VOD

Have the link to the VOD?

Description

Time

  • Played on: July 17, 2022, 1:35 p.m.
  • Length: 18:18
Show
View Real Time Build Order
Export as new Build Order

Boy Terran 

Build Orders:  

Get SALT Encoding   

  12  0:00  SCV  
  13  0:12  SCV  
  14  0:17  Supply Depot  
  14  0:24  SCV  
  15  0:38  SCV  
  15  0:40  Barracks  
  16  0:44  Refinery  
  16  0:50  SCV  
  17  1:03  SCV  
  18  1:15  SCV  
  19  1:27  Orbital Command, Barracks Reactor  
  19  1:40  Command Center  
  19  1:49  Supply Depot  
  19  1:54  SCV  
  20  2:05  Marine x2  
  22  2:09  SCV  
  22  2:10  Factory  
  23  2:16  Refinery  
  23  2:21  SCV  
  24  2:24  Marine x2  
  26  2:33  SCV  
  27  2:42  Marine x2  
  29  2:47  SCV  
  30  2:52  Orbital Command  
  30  2:57  Starport  
  30  2:58  Factory Tech Lab  
  30  3:00  Marine  
  30  3:01  Marine  
  30  3:04  SCV  
  33  3:16  SCV  
  33  3:19  SCV  
  35  3:21  Siege Tank  
  35  3:24  Marine x2  
  40  3:31  SCV x2, Supply Depot  
  42  3:35  Medivac  
  44  3:42  Marine x2  
  46  3:53  SCV x2  
  46  3:54  Supply Depot  
  46  3:55  Siege Tank  
  51  4:05  SCV x2, Marine  
  54  4:12  Starport Tech Lab  
  54  4:15  Marine  
  55  4:17  SCV x2  
  55  4:24  Command Center  
  57  4:26  Supply Depot  
  57  4:39  Starport Reactor, Barracks  
  57  4:41  SCV x2, Barracks  
  57  4:42  Engineering Bay  
  59  4:46  Engineering Bay  
  59  4:47  Stimpack  
  59  4:49  Marine  
  60  4:53  SCV  
  60  4:54  SCV  
  62  5:05  Siege Tank  
  63  5:07  Marine  
  63  5:09  Supply Depot  
  63  5:10  SCV x2  
  66  5:25  SCV x2, Marine  
  66  5:27  Refinery  
  66  5:28  Refinery  
  69  5:30  Medivac x2  
  69  5:31  Barracks Reactor  
  69  5:35  Marine x2  
  74  5:37  Orbital Command, SCV  
  74  5:39  Supply Depot  
  76  5:42  SCV  
  76  5:43  Marine  
  76  5:49  SCV  
  78  5:52  Barracks x2, Siege Tank  
  78  5:56  SCV  
  82  6:01  Supply Depot  
  82  6:02  SCV  
  52  6:04  Orbital Command  
  83  6:06  Supply Depot  
  83  6:08  SCV  
  84  6:14  Marine  
  84  6:15  Marine x3  
  84  6:16  Marine, Supply Depot  
  89  6:22  Missile Turret  
  89  6:25  Missile Turret  
  89  6:31  Combat Shield  
  89  6:32  Marine x3  
  90  6:33  Marine x2  
  90  6:36  SCV x2  
  96  6:48  SCV x2, Marine x2  
  96  6:50  Marine  
  101  7:00  SCV x2  
  103  7:06  Marine  
  103  7:07  Marine x5  
  103  7:08  Marine  
  93  7:10  Siege Tank  
  93  7:12  SCV x2  
  97  7:24  SCV x2, Marine  
  97  7:25  Marine x3  
  97  7:26  Missile Turret  
  97  7:27  Missile Turret  
  103  7:33  Orbital Command  
  103  7:36  SCV x2  
  91  7:39  Marine  
  91  7:40  Marine  
  91  7:42  Marine x3, Medivac x2  
  89  7:47  Siege Tank  
  89  7:48  SCV x2  
  89  7:49  Barracks Reactor  
  89  7:50  Barracks Reactor  
  89  7:57  Marine  
  89  7:58  Marine  
  91  8:00  Marine x2  
  91  8:03  Terran Infantry Weapons Level 1, Terran Infantry Armor Level 1  
  93  8:06  SCV x2  
  93  8:07  Supply Depot, Armory  
  93  8:08  SCV  
  93  8:12  Marine, Medivac x2  
  101  8:16  Supply Depot  
  101  8:20  Supply Depot  
  101  8:21  Refinery  
  101  8:23  Refinery  
  101  8:24  SCV x2  
  101  8:25  SCV, Supply Depot  
  104  8:34  Marine x9  
  113  8:45  Command Center  
  111  8:51  Siege Tank  
  111  8:59  Marine x8  
  111  9:00  Marine  
  113  9:10  SCV  
  113  9:11  SCV x2  
  116  9:17  Supply Depot, Marine x4  
  116  9:18  Marine x5, Supply Depot  
  116  9:22  SCV  
  116  9:28  Medivac  
  108  9:35  Marine x8  
  108  9:36  Marine  
  117  9:39  Siege Tank  
  117  9:40  Medivac  
  122  9:53  Marine x4  
  122  9:56  Supply Depot x2  
  126  10:03  Medivac  
  126  10:05  Marine x4, Marauder  
  134  10:10  Medivac  
  134  10:11  Marine x4, Siege Tank  
  143  10:23  Supply Depot x2, Marine x4  
  143  10:26  Marine  
  145  10:28  Marine  
  145  10:29  Marine x3  
  145  10:35  Supply Depot  
  142  10:40  Marine  
  142  10:41  Marine x3  
  146  10:44  Marine  
  146  10:46  Marine x2  
  146  10:47  Marine x2  
  146  10:49  Supply Depot  
  149  10:58  Marine  
  149  10:59  Marine x3  
  149  11:02  Marauder  
  148  11:04  Marine x4  
  142  11:14  Medivac x2  
  142  11:16  Marine x4  
  142  11:17  Siege Tank  
  149  11:22  Marine x4  
  149  11:23  Marine  
  149  11:25  Planetary Fortress  
  146  11:34  Marine x4  
  146  11:38  Missile Turret  
  143  11:40  Marine x4  
  143  11:41  Marine  
  143  11:44  Medivac x2  
  152  11:48  Missile Turret  
  152  11:50  Missile Turret  
  152  11:52  Marine x4  
  155  11:57  Marine  
  155  11:58  Marine x3  
  155  11:59  Marine  
  131  12:10  Marine  
  131  12:11  Marine x3  
  123  12:15  Marine  
  123  12:16  Marine x3  
  123  12:17  Marine  
  123  12:18  SCV  
  123  12:19  SCV x2  
  124  12:28  Marine x2  
  126  12:30  SCV  
  126  12:31  SCV x2  
  129  12:42  SCV  
  129  12:43  Medivac  
  129  12:44  Medivac  
  127  12:48  Marine x5  
  127  12:49  Marine x3  
  129  12:53  SCV x2  
  121  13:10  Marine  
  121  13:11  Marine x8  
  98  13:21  Siege Tank  
  98  13:27  Barracks x2  
  98  13:28  Marine, Barracks, Medivac x2  
  98  13:29  Terran Infantry Weapons Level 2, Marine x6, Marauder  
  98  13:30  Terran Infantry Armor Level 2  
  109  13:38  Marine  
  110  13:46  Marine x5  
  115  13:53  Siege Tank  
  104  13:55  Command Center  
  104  14:05  Medivac x2  
  104  14:07  Marine x5  
  104  14:08  Marine, Marauder  
  116  14:16  Barracks Tech Lab  
  116  14:17  Barracks Tech Lab x2  
  116  14:25  Marine x6, Barracks Tech Lab  
  116  14:26  Marine x2  
  116  14:28  Marine  
  120  14:39  Marine, Marauder  
  120  14:43  Marine x8  
  121  14:51  Marine, Medivac x2  
  110  14:53  Marine  
  110  14:57  Marine  
  112  15:00  Marine  
  111  15:08  Marine x8  
  111  15:14  SCV x2  
  111  15:18  Missile Turret  
  113  15:41  Marine x5, Marauder  
  107  15:53  SCV x3  
  110  16:01  Medivac  
  110  16:02  Medivac  
  104  16:05  SCV x4  
  104  16:09  Missile Turret  
  100  16:25  Marine  
  100  16:26  Marine x10  
  108  16:34  Marine, Medivac x2  
  108  16:37  SCV  
  108  16:38  SCV x2  
  103  16:55  Marine x3  
  103  16:56  Marine x8  
  107  17:04  Medivac x2  
  109  17:15  Marine x10, Marauder  
  109  17:16  Thor  
  109  17:22  SCV x3  
  116  17:33  Marine x2  
  116  17:34  SCV x3  
  116  17:46  SCV x3  
  110  17:58  SCV x3  
Show
View Real Time Build Order
Export as new Build Order

Knack Zerg - Winner!

Build Orders: Hatch First 

Get SALT Encoding   

  12  0:00  Drone  
  13  0:12  Overlord  
  13  0:16  Drone  
  14  0:30  Drone  
  14  0:31  Drone  
  16  0:48  Hatchery  
  15  0:51  Drone  
  15  0:55  Drone  
  17  0:57  Drone  
  18  1:05  Extractor  
  17  1:13  Spawning Pool  
  17  1:16  Drone  
  17  1:20  Drone  
  18  1:28  Drone  
  19  1:38  Drone  
  20  1:49  Overlord  
  20  1:59  Queen  
  20  2:00  Queen  
  24  2:01  Zergling x2  
  24  2:02  Zergling x2  
  24  2:05  Metabolic Boost  
  26  2:10  Drone  
  26  2:12  Drone  
  28  2:24  Drone x2  
  30  2:32  Drone  
  30  2:33  Drone  
  32  2:37  Queen  
  32  2:40  Queen  
  36  2:45  Overlord  
  36  2:51  Overlord  
  36  3:10  Drone x4  
  36  3:11  Drone  
  36  3:12  Drone x2, Extractor x2  
  41  3:17  Lair  
  41  3:18  Drone  
  42  3:24  Drone x2  
  44  3:30  Baneling Nest  
  43  3:35  Queen  
  45  3:42  Drone x3  
  45  3:46  Overlord  
  48  3:51  Drone x2  
  50  3:58  Extractor  
  50  3:59  Drone x3  
  52  4:20  Spire  
  52  4:21  Hatchery  
  52  4:22  Drone x2  
  51  4:29  Centrifugal Hooks  
  51  4:31  Drone  
  52  4:35  Zergling x4  
  52  4:36  Baneling x2  
  54  4:41  Zergling x6  
  57  4:51  Overlord  
  52  5:08  Overlord x2, Queen  
  54  5:18  Drone x2  
  56  5:25  Baneling x3  
  56  5:33  Overseer  
  56  5:35  Mutalisk x4  
  56  5:36  Mutalisk x2  
  56  5:38  Overlord  
  56  5:41  Queen  
  70  5:45  Drone  
  70  5:46  Drone x2  
  70  5:47  Baneling  
  70  5:48  Zergling x8  
  77  5:58  Zerg Flyer Weapons Level 1  
  77  6:03  Drone x4  
  80  6:06  Drone  
  80  6:09  Overlord x2  
  81  6:16  Zergling x6  
  81  6:17  Drone x2  
  86  6:21  Pneumatized Carapace  
  86  6:24  Baneling x3  
  86  6:25  Drone  
  87  6:32  Drone x3  
  90  6:37  Baneling x3  
  90  6:38  Baneling  
  90  6:48  Mutalisk x2  
  83  7:07  Zergling x26  
  83  7:08  Zergling x6  
  92  7:16  Overseer  
  92  7:22  Zergling x8  
  96  7:23  Evolution Chamber x2  
  96  7:25  Baneling x3  
  96  7:26  Baneling, Hatchery  
  75  7:46  Hatchery  
  75  7:47  Mutalisk x4  
  81  7:55  Drone x4  
  81  7:58  Zerg Melee Weapons Level 1  
  82  8:06  Mutalisk  
  83  8:21  Drone  
  83  8:22  Drone x4  
  83  8:25  Zerg Ground Armor Level 1  
  88  8:28  Drone x4  
  88  8:30  Zergling x4  
  94  8:37  Drone  
  95  8:54  Drone x3  
  95  8:55  Drone  
  99  9:02  Zergling x10  
  102  9:03  Zergling x10  
  102  9:04  Baneling  
  102  9:05  Baneling x2  
  102  9:09  Queen  
  107  9:11  Extractor x2  
  107  9:14  Zergling x8  
  109  9:33  Overlord  
  109  9:34  Overlord x2  
  109  9:37  Hatchery  
  108  9:40  Overlord x3  
  108  9:45  Baneling x5  
  108  9:59  Drone x3  
  111  10:00  Drone x2  
  111  10:02  Hatchery  
  111  10:06  Drone x2  
  111  10:07  Drone x3  
  112  10:15  Drone x3  
  110  10:26  Drone x4  
  114  10:32  Zerg Melee Weapons Level 2  
  114  10:33  Zerg Ground Armor Level 2  
  114  10:35  Extractor  
  112  10:36  Extractor  
  111  10:43  Baneling x6, Mutalisk  
  111  10:44  Mutalisk x4  
  120  10:52  Zergling x10  
  120  11:09  Zergling x2  
  120  11:10  Zergling x18  
  122  11:21  Baneling x4  
  122  11:23  Zergling x10  
  122  11:36  Drone x2  
  122  11:37  Drone  
  122  11:38  Queen  
  122  11:39  Drone x3  
  128  11:41  Baneling x6, Hatchery  
  128  11:42  Baneling x2, Drone  
  128  11:46  Baneling x2  
  124  12:02  Baneling x3  
  105  12:09  Zergling x2  
  105  12:10  Zergling x24  
  110  12:21  Mutalisk  
  110  12:22  Mutalisk x2  
  113  12:29  Hatchery  
  112  12:36  Mutalisk x5  
  118  12:53  Baneling x5, Mutalisk x2  
  118  12:54  Baneling, Mutalisk x2  
  114  13:10  Zergling x2  
  114  13:11  Zergling x12  
  112  13:17  Extractor, Queen  
  112  13:18  Extractor, Mutalisk x3  
  114  13:28  Drone x2  
  114  13:29  Drone  
  117  13:34  Baneling  
  117  13:35  Baneling x7, Queen  
  117  13:39  Drone x3  
  122  13:41  Zergling x2  
  122  13:42  Zergling x8  
  127  13:56  Zergling x4  
  127  13:57  Zergling x10  
  127  13:58  Baneling, Hatchery  
  127  13:59  Baneling  
  131  14:06  Drone x3  
  131  14:07  Drone x3  
  131  14:08  Drone  
  131  14:09  Drone x2  
  141  14:10  Drone  
  141  14:15  Infestation Pit  
  141  14:16  Baneling x12  
  140  14:28  Zergling x4  
  140  14:29  Zergling x20  
  148  14:40  Drone  
  148  14:41  Drone x8  
  138  15:04  Queen  
  136  15:07  Mutalisk x10  
  136  15:13  Hive  
  155  15:14  Drone x3  
  155  15:17  Queen  
  155  15:19  Baneling x4, Extractor  
  159  15:28  Overlord x3  
  147  15:53  Zergling x8  
  147  15:54  Zergling x40  
  158  16:04  Zergling x4  
  158  16:08  Baneling x6  
  158  16:09  Baneling  
  160  16:11  Zergling x2  
  160  16:12  Zergling x12  
  160  16:13  Baneling x5  
  160  16:14  Baneling x12  
  163  16:27  Baneling  
  163  16:28  Baneling x7  
  163  16:31  Drone x4  
  163  16:32  Drone x9  
  176  16:39  Zergling x6  
  183  16:40  Zergling x14  
  175  17:05  Drone x2  
  175  17:06  Drone x2  
  175  17:08  Mutalisk x2  
  173  17:09  Mutalisk x4  
  160  17:37  Mutalisk  
  160  17:38  Mutalisk x2  
  160  17:43  Extractor  
  161  17:48  Drone x7  
  161  17:49  Drone  
  161  17:50  Zergling x2  
  161  17:51  Zergling x20  
  156  18:11  Extractor  
Tags
 
Add a new tag
Caveats
  • Supply blocks, unpowered buildings, or Contaminate may cause inaccurate times.
  • Supply counts are checked every 10 seconds.